[Event "Presidents Day NY GM A 2025"]
[Site "New York"]
[Date "2025.02.17"]
[Round "9.1"]
[White "Yang, Qindong"]
[Black "Gauri, Shankar"]
[Result "1/2-1/2"]
[Annotator "RC"]
[ECO "E16"]
[WhiteElo "2202"]
[BlackElo "2360"]
[PlyCount "35"]
[EventDate "2025.02.12"]
[EventType "tourn"]
[EventCountry "USA"]
[SourceTitle "playchess.com"]
[Source "ChessBase"]
[SourceQuality "1"]
[TimeControl "5400+30"]

1. d4 Nf6 2. c4 e6 3. Nf3 b6 4. g3 Bb7 5. Bg2 Bb4+ 6. Nbd2 O-O 7. O-O d5 8. Ne5 a5 9. a3 Be7 10. b3 c5 11. Bb2 Nbd7 12. e3 Rc8 13. Rc1 Rc7 14. Re1 Qc8 15. cxd5 Bxd5 16. e4 Bb7 17. Ndc4 cxd4 18. Nxd7 1/2-1/2

[Event "Presidents Day NY GM A 2025"]
[Site "New York"]
[Date "2025.02.17"]
[Round "9.2"]
[White "Park, Evan"]
[Black "Lenderman, Aleksandr"]
[Result "1/2-1/2"]
[Annotator "RC"]
[ECO "C10"]
[WhiteElo "2415"]
[BlackElo "2480"]
[PlyCount "35"]
[EventDate "2025.02.12"]
[EventType "tourn"]
[EventCountry "USA"]
[SourceTitle "playchess.com"]
[Source "ChessBase"]
[SourceQuality "1"]
[TimeControl "5400+30"]

1. e4 e6 2. d4 d5 3. Nc3 dxe4 4. Nxe4 Bd7 5. Nf3 Bc6 6. Bd3 Nd7 7. Qe2 Ngf6 8. Nxf6+ Nxf6 9. Be3 Bxf3 10. Qxf3 Qd5 11. Qxd5 Nxd5 12. Bd2 Be7 13. O-O O-O 14. Rad1 Rfd8 15. c3 Rd7 16. Be4 Rad8 17. Bf3 c6 18. g3 1/2-1/2

[Event "Presidents Day NY GM A 2025"]
[Site "New York"]
[Date "2025.02.18"]
[Round "9.3"]
[White "Kaliksteyn, Alexander"]
[Black "Jacobson, Aaron"]
[Result "1/2-1/2"]
[Annotator "RC"]
[ECO "A29"]
[WhiteElo "2337"]
[BlackElo "2343"]
[PlyCount "61"]
[EventDate "2025.02.12"]
[EventType "tourn"]
[EventCountry "USA"]
[SourceTitle "playchess.com"]
[Source "ChessBase"]
[SourceQuality "1"]
[TimeControl "5400+30"]

1. c4 e5 2. Nc3 Nf6 3. Nf3 Nc6 4. g3 Bb4 5. Nd5 Bc5 6. Bg2 O-O 7. O-O d6 8. d3 h6 9. e3 Bb6 10. Nxb6 axb6 11. b3 d5 12. cxd5 Nxd5 13. Bb2 Re8 14. a3 b5 15. e4 Nf6 16. h3 Qd6 17. Re1 Nd7 18. d4 exd4 19. Nxd4 Nxd4 20. Qxd4 Qxd4 21. Bxd4 Ne5 22. Rec1 Nc6 23. Bb2 Be6 24. Rc5 Rad8 25. Rxb5 Rd2 26. Bc3 Rc2 27. Rc5 Nb8 28. Bf1 Na6 29. Bxa6 bxa6 30. Rxc7 Bxh3 31. Re1 1/2-1/2

[Event "Presidents Day NY GM A 2025"]
[Site "New York"]
[Date "2025.02.18"]
[Round "9.4"]
[White "Nagy, Gabor"]
[Black "Putnam, Liam"]
[Result "1/2-1/2"]
[Annotator "RC"]
[ECO "E03"]
[WhiteElo "2472"]
[BlackElo "2402"]
[PlyCount "119"]
[EventDate "2025.02.12"]
[EventType "tourn"]
[EventCountry "USA"]
[SourceTitle "playchess.com"]
[Source "ChessBase"]
[SourceQuality "1"]
[TimeControl "5400+30"]

1. d4 Nf6 2. c4 e6 3. Nf3 d5 4. g3 dxc4 5. Qa4+ Nbd7 6. Bg2 a6 7. Qxc4 b5 8. Qc6 Rb8 9. O-O Bb7 10. Qc2 c5 11. dxc5 Bxc5 12. Nc3 O-O 13. a3 Qe7 14. Bg5 Rfc8 15. Rad1 h6 16. Bxf6 Nxf6 17. Ne5 Bxg2 18. Kxg2 Bd6 19. Nf3 Bxa3 20. bxa3 Qxa3 21. Rd3 b4 22. Rb1 bxc3 23. Rxb8 Rxb8 24. Rxc3 Qf8 25. Ne5 Nd5 26. Rf3 Rb7 27. Qc6 Ra7 28. Rb3 Qa8 29. e4 Nf6 30. f3 a5 31. Qd6 Rb7 32. Rxb7 Qxb7 33. Qd8+ Kh7 34. Qxa5 Qb2+ 35. Kg1 Qb1+ 36. Kg2 Qc2+ 37. Kg1 Qd1+ 38. Kg2 Qe2+ 39. Kg1 Nd5 40. exd5 Qxe5 41. Qa7 exd5 42. Qxf7 d4 43. Qd7 Qe1+ 44. Kg2 Qe2+ 45. Kh3 d3 46. Qf5+ Kg8 47. Qc8+ Kf7 48. Qd7+ Kf6 49. Qd4+ Ke7 50. Qc5+ Kd7 51. Qd5+ Ke8 52. Qc6+ Ke7 53. Qc5+ Ke6 54. Qc4+ Kd7 55. Qd5+ Ke8 56. Qc6+ Kf7 57. Qd7+ Kf6 58. Qd4+ Kf5 59. Qf4+ Kg6 60. Qg4+ 1/2-1/2

[Event "Presidents Day NY GM A 2025"]
[Site "New York"]
[Date "2025.02.17"]
[Round "9.5"]
[White "Stearman, Josiah"]
[Black "Paragua, Mark"]
[Result "1/2-1/2"]
[Annotator "RC"]
[ECO "B90"]
[WhiteElo "2439"]
[BlackElo "2446"]
[PlyCount "31"]
[EventDate "2025.02.12"]
[EventType "tourn"]
[EventCountry "USA"]
[SourceTitle "playchess.com"]
[Source "ChessBase"]
[SourceQuality "1"]
[TimeControl "5400+30"]

1. e4 c5 2. Nf3 d6 3. d4 cxd4 4. Nxd4 Nf6 5. Nc3 a6 6. h3 e5 7. Nf3 h6 8. g4 b5 9. g5 hxg5 10. Nxg5 Bb7 11. Qf3 Nc6 12. Be3 Qc7 13. O-O-O Rc8 14. Rd2 Qa5 15. Kb1 Nb4 16. a3 1/2-1/2